Map: King Sejong Station LE

Players

True

  • Race: Zerg Zerg
  • League: Grandmaster

omgabanana - Winner!

  • Race: Protoss Protoss

Event: Cheesadelphia Summer 2016

VOD

Have the link to the VOD?

Description

Time

  • Played on: July 24, 2016, 11:52 a.m.
  • Length: 30:22

All games in this series

Show
View Real Time Build Order
Export as new Build Order

True Zerg 

Build Orders: Hatch First 

Get SALT Encoding   

  12  0:00  Drone  
  13  0:11  Drone  
  14  0:16  Overlord  
  14  0:22  Extractor  
  14  0:23  Drone  
  15  0:34  Drone x2  
  17  0:53  Hatchery  
  16  0:57  Drone  
  17  1:04  Extractor  
  17  1:08  Drone  
  17  1:16  Spawning Pool  
  16  1:20  Drone  
  16  1:24  Drone  
  18  1:27  Drone  
  19  1:38  Drone  
  20  1:46  Extractor  
  19  1:49  Drone  
  20  2:01  Hatchery  
  20  2:08  Drone x2  
  21  2:10  Drone  
  22  2:19  Metabolic Boost  
  22  2:25  Queen  
  24  2:31  Overlord  
  24  2:38  Queen  
  24  2:43  Drone x2  
  28  2:49  Drone x2  
  28  2:50  Drone  
  31  2:52  Zergling x2  
  32  3:00  Queen  
  32  3:01  Zergling x2  
  32  3:05  Overlord  
  35  3:10  Zergling x2  
  36  3:16  Queen  
  38  3:22  Drone x3  
  38  3:25  Drone x2  
  43  3:35  Drone x3  
  43  3:39  Roach Warren  
  45  3:42  Drone  
  45  3:44  Drone  
  45  3:45  Drone x2  
  45  3:46  Drone  
  50  3:49  Overlord  
  50  3:58  Overlord  
  50  4:05  Overlord  
  50  4:19  Roach x4  
  50  4:20  Overlord  
  50  4:21  Drone x3  
  50  4:22  Drone x4  
  65  4:26  Overlord, Roach  
  67  4:32  Zergling x4  
  67  4:35  Overlord, Roach  
  67  4:37  Zergling x4  
  67  4:38  Zergling x2  
  74  4:46  Zergling x6  
  77  4:54  Zergling x4  
  77  4:56  Zergling x2  
  77  4:58  Zergling x2  
  80  5:13  Zergling x8  
  80  5:14  Zergling x8  
  76  5:27  Drone  
  76  5:28  Drone x8  
  82  5:32  Queen  
  82  5:33  Queen x2  
  87  5:35  Drone  
  87  5:41  Drone x2  
  88  5:46  Overlord  
  88  5:47  Evolution Chamber  
  87  5:52  Overlord  
  87  5:57  Overlord  
  88  6:04  Drone  
  88  6:05  Zergling x10  
  88  6:08  Queen x2  
  88  6:10  Queen  
  95  6:20  Zerg Melee Weapons Level 1  
  95  6:22  Drone  
  95  6:24  Drone  
  92  6:26  Drone x4  
  92  6:28  Overlord  
  92  6:29  Baneling Nest  
  95  6:36  Zergling x14  
  102  6:42  Zergling x2  
  102  6:43  Zergling x4  
  102  6:46  Hatchery, Zergling x4  
  107  6:47  Zergling x2  
  107  6:49  Zergling x4  
  107  6:52  Zergling x2  
  107  6:53  Pneumatized Carapace  
  107  6:54  Zergling x2  
  111  6:58  Lair  
  111  6:59  Zergling x4  
  113  7:09  Zergling x2  
  113  7:12  Zergling x2  
  113  7:24  Drone  
  113  7:25  Overlord  
  113  7:26  Overlord  
  114  7:30  Extractor x3  
  114  7:33  Hatchery  
  108  7:38  Drone x7  
  108  7:39  Overlord  
  108  7:40  Extractor  
  106  7:52  Zergling x14  
  106  7:53  Zergling x6  
  106  7:56  Zergling x4  
  106  7:58  Zergling x2  
  118  8:00  Zergling x2  
  118  8:04  Baneling x5  
  118  8:05  Zergling x4  
  121  8:08  Zergling x2  
  121  8:10  Zergling x2  
  121  8:11  Zergling x2  
  121  8:12  Zergling x6  
  127  8:15  Zergling x2  
  127  8:16  Zergling x2  
  127  8:18  Baneling x6  
  129  8:21  Zergling x2  
  129  8:28  Overlord  
  129  8:29  Zergling x10  
  129  8:32  Zergling x2  
  129  8:33  Zerg Melee Weapons Level 2, Zergling x4  
  137  8:36  Zergling x4  
  139  8:41  Zergling x2  
  139  8:42  Zergling x4  
  139  8:43  Zergling x2  
  139  8:46  Zergling x2  
  139  8:47  Zergling x4  
  139  8:48  Zergling x2  
  147  8:52  Zergling x4  
  147  8:54  Zergling x6  
  147  8:55  Zergling x2  
  151  8:59  Zergling x6  
  151  9:00  Zergling x4  
  151  9:01  Zergling x4  
  153  9:04  Baneling x9  
  153  9:05  Zergling x6  
  153  9:06  Zergling x4  
  153  9:09  Zergling x2  
  158  9:11  Centrifical Hooks  
  158  9:16  Zergling x2  
  158  9:18  Zergling x2  
  158  9:19  Zergling x4  
  158  9:20  Zergling x4  
  148  9:29  Overseer  
  143  9:31  Drone  
  143  9:32  Drone x6  
  143  9:37  Drone  
  146  9:41  Drone  
  145  9:50  Drone  
  145  9:51  Drone x2  
  147  9:57  Drone x2  
  147  9:58  Drone  
  149  10:09  Overlord  
  149  10:13  Overlord  
  148  10:16  Baneling x11  
  148  10:25  Overlord x2  
  148  10:27  Drone x2  
  150  10:29  Drone  
  150  10:31  Zergling x2  
  150  10:32  Zergling x2  
  150  10:33  Zergling x2  
  154  10:39  Zergling x8  
  157  10:51  Overlord  
  157  10:53  Zergling x18  
  166  10:58  Zergling x8  
  159  11:05  Baneling x9  
  159  11:06  Baneling x2  
  158  11:13  Zergling x10  
  158  11:15  Zergling x2  
  158  11:18  Zerg Missile Weapons Level 1  
  163  11:20  Zergling x4  
  165  11:29  Overlord  
  165  11:32  Overseer, Overlord  
  165  11:36  Overlord  
  165  11:37  Zergling x2  
  165  11:38  Zergling x2  
  166  11:43  Drone  
  166  11:46  Overlord  
  162  11:53  Zergling x10  
  158  11:58  Zergling x4  
  158  12:00  Zergling x2  
  158  12:01  Zergling x2  
  159  12:04  Zergling x2  
  159  12:07  Ravager x3  
  158  12:08  Zergling x2  
  158  12:09  Zergling x2  
  158  12:11  Zergling x2  
  158  12:16  Zergling x2  
  158  12:19  Zergling x2  
  158  12:20  Drone  
  158  12:22  Zergling x2  
  157  12:25  Zergling x4  
  157  12:27  Zergling x4  
  156  12:31  Zergling x2  
  156  12:32  Zergling x2  
  156  12:34  Baneling x8  
  156  12:39  Zergling x2  
  156  12:42  Drone  
  158  12:44  Zergling x6  
  158  12:53  Zergling x4  
  158  13:03  Zergling x8  
  158  13:04  Zergling x2  
  158  13:12  Hydralisk Den  
  157  13:24  Hatchery  
  155  13:29  Hatchery  
  155  13:31  Baneling x3  
  155  13:32  Baneling x3  
  154  13:41  Lurker Den  
  146  13:49  Hydralisk x4  
  146  13:52  Zergling x6  
  157  13:58  Zergling x4  
  157  14:10  Overlord  
  157  14:11  Overlord x2  
  157  14:19  Overlord  
  157  14:29  Overlord x2  
  153  14:41  Baneling x3  
  153  14:42  Baneling x13  
  142  14:59  Zergling x12  
  149  15:00  Zergling x6  
  146  15:09  Lurker x3  
  146  15:10  Lurker  
  146  15:13  Hydralisk  
  152  15:15  Drone x2  
  152  15:16  Drone  
  152  15:20  Zergling x2  
  152  15:21  Zergling x2  
  157  15:23  Zergling x4  
  157  15:24  Zergling x2  
  157  15:35  Hydralisk x2  
  156  15:39  Hydralisk  
  152  15:43  Hydralisk  
  152  15:45  Drone  
  145  15:50  Zergling x4  
  145  15:52  Zergling x2  
  145  15:56  Zergling x2  
  148  15:58  Drone  
  148  16:02  Lurker  
  150  16:08  Drone x2  
  149  16:14  Zergling x2  
  149  16:15  Zergling x4  
  149  16:18  Zergling x2  
  148  16:21  Hydralisk  
  148  16:25  Zergling x2  
  147  16:27  Lurker  
  144  16:33  Lurker x2  
  145  16:40  Zergling x4  
  145  16:41  Zergling x4  
  145  16:46  Zergling x4  
  149  16:48  Zergling x2  
  149  16:49  Zergling x2  
  149  16:53  Drone  
  152  16:54  Lurker  
  143  17:01  Lurker  
  138  17:19  Zergling x6  
  140  17:24  Zerg Missile Weapons Level 2  
  140  17:28  Zergling x8  
  144  17:30  Drone  
  144  17:33  Overseer  
  145  17:39  Zergling x4  
  145  17:41  Zergling x2  
  145  17:43  Zergling x2  
  147  17:48  Zergling x4  
  139  18:00  Drone x3  
  134  18:10  Zergling x8  
  137  18:16  Spore Crawler  
  131  18:35  Zergling x10  
  131  18:36  Zergling x2  
  137  18:42  Zergling x2  
  138  18:52  Zergling x4  
  132  19:12  Hydralisk  
  132  19:13  Hydralisk x2  
  138  19:21  Hydralisk  
  140  19:26  Hydralisk  
  140  19:28  Hydralisk  
  144  19:35  Hydralisk  
  143  19:51  Lurker x3  
  143  19:53  Zergling x2  
  143  19:54  Zergling x6  
  143  19:57  Zergling x2  
  143  19:58  Overseer  
  146  20:05  Zergling x4  
  143  20:09  Zergling x2  
  140  20:15  Hydralisk  
  140  20:16  Hydralisk  
  142  20:34  Hydralisk x3  
  148  20:38  Hydralisk  
  148  20:39  Ravager  
  148  20:40  Ravager  
  152  20:47  Infestation Pit  
  151  20:50  Hydralisk  
  151  20:56  Hydralisk  
  155  21:00  Hydralisk  
  157  21:12  Hydralisk x2  
  157  21:17  Hydralisk  
  126  21:26  Zergling x2  
  126  21:27  Zergling x4  
  129  21:34  Muscular Augments  
  129  21:39  Zergling x4  
  131  21:51  Infestor x2  
  131  21:53  Zergling x2  
  136  21:57  Zergling x2  
  136  22:11  Hydralisk x2  
  136  22:13  Zergling x2  
  136  22:14  Zergling x4  
  136  22:15  Zergling x2  
  144  22:19  Zergling x2  
  144  22:22  Hydralisk  
  142  22:28  Hydralisk  
  144  22:42  Zergling x2  
  144  22:46  Zergling x4  
  144  22:47  Zergling x6  
  144  22:50  Zergling x4  
  147  22:52  Zergling x2  
  147  22:55  Zergling x2  
  149  22:59  Zergling x2  
  149  23:00  Zergling x2  
  149  23:03  Zergling x2  
  149  23:05  Zergling x2  
  144  23:17  Hydralisk  
  144  23:19  Spine Crawler  
  141  23:21  Spore Crawler  
  134  23:35  Overlord x2  
  122  24:01  Extractor, Infestor  
  123  24:03  Extractor  
  111  24:33  Infestor  
  111  24:37  Spawning Pool  
  106  25:03  Overlord  
  106  25:12  Hatchery  
  105  25:34  Lair  
  105  25:35  Zergling x2  
  105  25:36  Zergling x4  
  98  26:05  Zergling x4  
  98  26:10  Zergling x2  
  84  26:33  Zergling x4  
  85  26:40  Zergling x2  
  73  26:53  Zergling x2  
  39  27:02  Zergling x2  
  34  27:11  Zergling x6  
  34  27:12  Zergling x2  
  38  27:22  Zergling x2  
  26  27:54  Spawning Pool  
  23  28:31  Burrow  
  23  28:33  Hatchery  
  22  28:39  Hatchery  
  21  28:43  Zergling x6  
  16  28:55  Zergling x2  
  12  29:05  Zergling x2  
  12  29:08  Evolution Chamber  
  12  29:16  Zergling x2  
  13  29:27  Zergling x2  
  13  29:45  Zergling x2  
Show
View Real Time Build Order
Export as new Build Order

omgabanana Protoss - Winner!

Build Orders: 1 Gate Expand 

Get SALT Encoding   

  12  0:01  Probe (Chrono Boost)  
  13  0:11  Probe (Chrono Boost)  
  14  0:20  Pylon  
  14  0:22  Probe (Chrono Boost)  
  15  0:38  Probe (Chrono Boost), Gateway  
  16  0:45  Assimilator  
  16  0:49  Probe (Chrono Boost)  
  17  0:59  Probe (Chrono Boost)  
  18  1:10  Probe (Chrono Boost)  
  19  1:21  Probe (Chrono Boost)  
  20  1:31  Probe (Chrono Boost)  
  21  1:38  Nexus  
  21  1:40  Cybernetics Core  
  21  1:43  Probe (Chrono Boost)  
  23  1:54  Probe (Chrono Boost)  
  23  1:57  Pylon  
  26  2:16  Probe (Chrono Boost)  
  26  2:19  Warp Gate  
  26  2:21  Adept  
  26  2:27  Assimilator  
  26  2:28  Probe (Chrono Boost)  
  27  2:36  Twilight Council  
  27  2:40  Probe (Chrono Boost)  
  28  2:45  Adept  
  31  2:52  Probe (Chrono Boost)  
  31  2:53  Probe (Chrono Boost)  
  32  3:03  Probe (Chrono Boost)  
  32  3:04  Probe (Chrono Boost)  
  34  3:09  Adept  
  34  3:12  Resonating Glaives  
  36  3:14  Probe (Chrono Boost)  
  36  3:17  Probe (Chrono Boost)  
  36  3:18  Gateway  
  38  3:20  Gateway  
  38  3:24  Probe (Chrono Boost)  
  39  3:28  Probe (Chrono Boost)  
  40  3:35  Probe (Chrono Boost)  
  40  3:36  Adept  
  40  3:39  Probe (Chrono Boost)  
  44  3:41  Pylon  
  44  3:45  Probe (Chrono Boost)  
  45  3:51  Probe (Chrono Boost), Stargate  
  46  3:56  Assimilator  
  46  3:59  Probe (Chrono Boost), Pylon  
  47  4:04  Mothership Core (Chrono Boost)  
  49  4:10  Probe (Chrono Boost)  
  49  4:12  Pylon  
  49  4:13  Assimilator  
  50  4:20  Probe (Chrono Boost)  
  50  4:22  Adept  
  50  4:23  Adept  
  50  4:24  Adept  
  57  4:25  Probe (Chrono Boost)  
  57  4:31  Probe (Chrono Boost), Oracle  
  63  4:39  Probe (Chrono Boost)  
  63  4:42  Pylon  
  63  4:43  Probe (Chrono Boost)  
  64  4:56  Probe (Chrono Boost)  
  65  5:01  Void Ray  
  70  5:15  Probe (Chrono Boost)  
  70  5:18  Nexus  
  70  5:19  Pylon  
  66  5:25  Probe (Chrono Boost)  
  66  5:26  Adept x3  
  63  5:30  Gateway  
  63  5:31  Gateway  
  63  5:42  Oracle  
  64  5:43  Probe (Chrono Boost)  
  67  5:50  Sentry, Pylon  
  67  5:51  Sentry x2  
  74  5:57  Probe (Chrono Boost), Forge  
  74  5:59  Probe (Chrono Boost)  
  75  6:08  Gateway  
  75  6:09  Probe (Chrono Boost), Gateway  
  76  6:17  Pylon  
  75  6:20  Protoss Ground Weapons Level 1  
  75  6:22  Sentry  
  75  6:23  Sentry x2  
  81  6:29  Probe x2 (Chrono Boost)  
  81  6:32  Probe (Chrono Boost)  
  84  6:37  Dark Shrine  
  84  6:38  Pylon  
  84  6:40  Probe (Chrono Boost), Pylon  
  84  6:41  Blink  
  84  6:42  Probe (Chrono Boost)  
  86  6:47  Probe (Chrono Boost)  
  86  6:50  Assimilator  
  86  6:53  Probe (Chrono Boost)  
  89  6:54  Probe (Chrono Boost)  
  89  6:56  Assimilator  
  89  6:59  Probe (Chrono Boost)  
  89  7:00  Robotics Facility  
  90  7:02  Pylon  
  90  7:04  Probe (Chrono Boost)  
  90  7:06  Pylon  
  92  7:08  Probe (Chrono Boost)  
  92  7:11  Probe (Chrono Boost)  
  91  7:17  Stalker x4  
  91  7:18  Stalker  
  101  7:26  Stalker x2  
  106  7:37  Probe (Chrono Boost)  
  106  7:40  Probe (Chrono Boost)  
  106  7:41  Probe (Chrono Boost)  
  108  7:45  Stalker x4  
  108  7:46  Stalker  
  108  7:49  Probe (Chrono Boost)  
  108  7:50  Warp Prism  
  108  7:51  Probe (Chrono Boost)  
  118  7:57  Probe (Chrono Boost)  
  121  7:59  Photon Cannon  
  121  8:01  Protoss Ground Weapons Level 2  
  121  8:03  Pylon  
  121  8:17  Stalker x6  
  131  8:38  Observer  
  132  8:42  Stalker x4  
  132  8:43  Stalker x3  
  146  8:48  Charge  
  144  9:08  Dark Templar x2  
  148  9:15  Pylon  
  148  9:16  Pylon  
  149  9:18  Probe (Chrono Boost), Gateway, Pylon  
  149  9:20  Gateway x2  
  149  9:39  Templar Archives  
  149  9:45  Zealot x4  
  149  9:46  Zealot x3  
  149  9:50  Photon Cannon  
  159  9:55  Nexus  
  159  9:57  Pylon  
  159  10:18  High Templar x2  
  159  10:19  High Templar x4  
  171  10:24  Archon x3  
  171  10:29  Pylon  
  171  10:30  Pylon  
  171  10:31  Photon Cannon  
  171  10:33  Stalker, Pylon  
  173  10:35  Photon Cannon  
  173  10:43  Stalker x3  
  179  10:51  Stalker  
  179  10:52  Stalker x3  
  178  10:59  Probe (Chrono Boost)  
  151  11:06  Probe x2 (Chrono Boost)  
  146  11:11  Probe (Chrono Boost)  
  146  11:13  Probe (Chrono Boost)  
  146  11:18  Probe (Chrono Boost)  
  146  11:27  Dark Templar x4  
  154  11:39  Probe (Chrono Boost)  
  149  11:57  Zealot x6  
  155  12:14  Probe x2 (Chrono Boost)  
  139  12:23  Dark Templar  
  139  12:24  Dark Templar x2  
  145  12:36  Dark Templar  
  147  12:38  Dark Templar  
  147  12:47  Probe x2 (Chrono Boost)  
  147  12:49  Nexus  
  145  12:53  Dark Templar  
  145  12:57  Probe (Chrono Boost)  
  145  13:11  Probe x2 (Chrono Boost)  
  147  13:24  High Templar x2  
  147  13:25  High Templar x3  
  147  13:26  Zealot, High Templar  
  147  13:27  Zealot x2  
  162  13:32  Archon  
  162  13:33  Archon  
  164  13:44  Stalker  
  162  13:49  Stalker x2  
  162  13:50  Stalker  
  168  14:16  Dark Templar x4  
  176  14:28  Dark Templar x2  
  163  14:52  Archon  
  155  15:07  High Templar x3  
  155  15:08  High Templar, Nexus  
  163  15:14  Archon x2  
  163  15:17  Pylon  
  163  15:18  Observer  
  163  15:19  Pylon  
  164  15:32  Dark Templar x2  
  164  15:33  Dark Templar  
  168  15:45  Observer  
  165  16:03  Observer  
  161  16:05  Dark Templar x2  
  154  16:42  Probe x2 (Chrono Boost)  
  156  16:47  Dark Templar x2  
  156  16:51  Robotics Bay  
  156  16:54  Nexus  
  142  17:25  Pylon  
  137  17:38  Robotics Facility  
  136  17:48  Probe (Chrono Boost)  
  126  17:56  Stalker x9  
  142  18:09  Probe x2 (Chrono Boost)  
  130  19:31  Nexus  
  130  19:33  Pylon  
  130  19:34  Probe (Chrono Boost)  
  131  19:46  Zealot x4  
  131  19:47  Zealot x4  
  125  20:24  Probe (Chrono Boost)  
  125  20:25  Probe x2 (Chrono Boost), Dark Templar  
  125  20:37  Probe x3 (Chrono Boost)  
  128  21:24  Disruptor  
  128  21:25  Disruptor  
  124  21:36  Assimilator  
  124  21:42  Pylon  
  124  21:43  Assimilator  
  124  21:55  Disruptor  
  130  23:01  Zealot x4  
  128  23:14  Zealot x9  
  139  23:20  Disruptor  
  99  23:57  Nexus  
  97  24:22  Zealot x3  
  97  24:23  Zealot x2  
  85  24:46  Observer  
  66  27:32  Probe (Chrono Boost)  
Tags
 
Add a new tag
Caveats
  • Supply blocks, unpowered buildings, or Contaminate may cause inaccurate times.
  • Supply counts are checked every 10 seconds.